Map: Ley Lines

Players

KimChiLoVer - Winner!

  • Race: Terran Terran
  • League: Diamond
  • Spawn Location: 7:00

juantro

  • Race: Zerg Zerg
  • League: Diamond
  • Spawn Location: 1:00

VOD

Have the link to the VOD?

Description

Time

  • Played on: Nov. 9, 2025, 7:34 p.m.
  • Length: 15:08
Show
View Real Time Build Order
Export as new Build Order

KimChiLoVer Terran - Winner!

Build Orders: Reaper Expand, Hellion Banshee 

Get SALT Encoding   

  12  0:00  SCV  
  13  0:12  SCV  
  14  0:17  Supply Depot  
  14  0:25  SCV  
  15  0:38  SCV  
  15  0:39  Barracks  
  16  0:45  Refinery  
  16  0:51  SCV  
  17  1:03  SCV  
  18  1:15  SCV  
  19  1:27  Orbital Command  
  19  1:28  Reaper  
  20  1:39  Command Center  
  20  1:50  Supply Depot  
  20  1:53  SCV  
  21  2:00  Marine  
  22  2:06  SCV  
  23  2:08  Factory  
  23  2:19  Refinery  
  23  2:24  Barracks Reactor  
  23  2:33  Bunker  
  23  2:34  SCV  
  24  2:46  SCV  
  25  2:52  Orbital Command  
  25  2:58  Starport  
  25  2:59  SCV  
  25  3:03  Supply Depot  
  26  3:13  SCV  
  26  3:16  Hellion x2, Barracks Tech Lab  
  26  3:19  SCV  
  32  3:25  SCV  
  33  3:27  Supply Depot  
  33  3:31  SCV  
  34  3:40  Hellion x2  
  38  3:43  Banshee  
  38  3:44  Cloaking Field  
  38  3:47  SCV  
  38  3:48  SCV  
  43  3:54  Supply Depot  
  43  3:59  SCV  
  43  4:00  Barracks Tech Lab  
  44  4:04  SCV  
  44  4:07  Hellion  
  44  4:08  Hellion  
  49  4:11  SCV  
  49  4:16  SCV  
  51  4:19  Supply Depot  
  51  4:21  Marine  
  52  4:26  Refinery, SCV, Banshee  
  52  4:28  SCV  
  57  4:33  Stimpack  
  57  4:38  SCV  
  57  4:40  SCV  
  57  4:41  Factory Reactor  
  57  4:42  Marine  
  60  4:50  SCV  
  61  4:54  SCV  
  61  4:55  Refinery, Command Center  
  62  5:03  Barracks  
  62  5:05  Barracks  
  62  5:06  SCV  
  63  5:18  Marine  
  63  5:20  Hellion  
  63  5:21  Hellion, SCV  
  68  5:25  Starport Reactor  
  68  5:27  Supply Depot  
  69  5:30  Supply Depot  
  69  5:31  Engineering Bay  
  69  5:33  SCV  
  69  5:35  Engineering Bay  
  70  5:48  Marine  
  71  6:01  Marine x3  
  74  6:06  Marine  
  75  6:18  Marine  
  75  6:19  Marine  
  75  6:21  Medivac x2, Orbital Command  
  75  6:24  Marine  
  82  6:30  Barracks  
  82  6:31  Barracks  
  82  6:36  Terran Infantry Weapons Level 1, Terran Infantry Armor Level 1  
  82  6:38  SCV, Armory  
  83  6:41  Marine  
  83  6:46  Combat Shield  
  84  6:50  SCV  
  84  6:51  Siege Tank  
  88  6:55  Orbital Command  
  88  6:56  SCV  
  88  6:58  Medivac x2  
  88  6:59  Marine  
  88  7:00  Marine x3  
  97  7:02  SCV  
  98  7:12  SCV  
  98  7:14  SCV  
  100  7:17  Missile Turret  
  100  7:19  Missile Turret  
  100  7:23  Siege Tank, Missile Turret  
  100  7:24  Missile Turret  
  100  7:25  Barracks Reactor, SCV  
  100  7:26  Barracks Reactor, SCV  
  100  7:27  Marine x4  
  100  7:29  Terran Vehicle And Ship Armor Level 1  
  109  7:33  Supply Depot  
  109  7:34  Supply Depot  
  109  7:36  Supply Depot  
  109  7:41  Marine  
  109  7:42  SCV x2  
  112  7:45  Medivac x2, Marine x3  
  119  7:53  SCV  
  119  7:54  SCV x2  
  119  7:57  Refinery  
  122  7:59  Marine  
  122  8:01  Supply Depot  
  122  8:03  Marine x3  
  126  8:05  SCV  
  126  8:06  SCV x2  
  129  8:13  Marine x5  
  129  8:18  SCV x3  
  137  8:21  Siege Tank  
  137  8:24  Marine  
  137  8:25  Marine x2  
  143  8:30  SCV x2, Supply Depot  
  143  8:31  Supply Depot  
  145  8:34  Supply Depot  
  145  8:35  Marine x4  
  149  8:46  Barracks  
  149  8:47  SCV  
  149  8:48  SCV, Barracks  
  151  8:53  Siege Tank  
  132  9:08  Marine x9  
  99  9:26  Marine x9  
  95  9:43  Marine  
  95  9:44  Marine x8  
  92  9:54  Medivac x2, Siege Tank  
  92  9:58  Terran Infantry Armor Level 2, Terran Infantry Weapons Level 2  
  85  10:01  Marine  
  85  10:02  Marine x8  
  88  10:19  Marine x3  
  88  10:20  Marine x6  
  94  10:24  Medivac  
  94  10:25  Orbital Command  
  94  10:26  Siege Tank  
  89  10:37  Medivac, Marine x9  
  98  10:47  Supply Depot  
  98  10:48  Supply Depot  
  98  10:54  Barracks Reactor x2  
  98  10:59  Supply Depot  
  98  11:00  Supply Depot  
  98  11:06  Marine x8  
  98  11:07  Siege Tank  
  98  11:09  Marine  
  110  11:24  Marine x8  
  118  11:26  Marine  
  118  11:27  Supply Depot  
  119  11:35  Marine  
  119  11:36  Marine x3  
  119  11:39  Terran Vehicle And Ship Armor Level 2  
  123  11:42  Marine x8  
  123  11:44  Marine  
  132  11:53  Marine x3  
  132  11:54  Marine  
  136  11:59  Marine x2  
  135  12:19  Marine x4  
  135  12:20  Marine x3  
  142  12:29  Marine  
  141  12:30  Marine x5  
  147  12:37  Marine x2  
  149  13:02  Supply Depot  
  149  13:04  Supply Depot  
  149  13:07  Supply Depot x2  
  149  13:23  Marine x8  
  149  13:26  Marine x5  
  162  13:41  Marine x7  
  162  13:43  Marine x5  
  170  14:09  Marine x4  
  171  14:10  Marine x8  
  181  14:45  Marine x5  
  181  14:46  Marine  
  181  14:47  Marine x7  
Show
View Real Time Build Order
Export as new Build Order

juantro Zerg 

Build Orders: Hatch First 

Get SALT Encoding   

  12  0:00  Drone  
  13  0:14  Overlord  
  13  0:18  Drone  
  14  0:31  Extractor  
  14  0:32  Drone  
  15  0:39  Drone x2  
  17  0:51  Hatchery  
  16  1:00  Drone  
  16  1:01  Drone  
  18  1:10  Extractor  
  17  1:17  Spawning Pool  
  16  1:22  Drone x2  
  18  1:32  Drone  
  19  1:43  Drone  
  20  1:56  Overlord  
  20  2:03  Queen  
  20  2:05  Queen  
  20  2:06  Zergling x4  
  26  2:15  Drone  
  26  2:16  Drone  
  26  2:22  Metabolic Boost  
  28  2:27  Drone  
  28  2:28  Drone  
  30  2:41  Queen  
  32  2:47  Queen  
  32  2:49  Overlord  
  34  2:53  Drone x2  
  36  3:12  Overlord  
  36  3:14  Drone x3  
  39  3:22  Hatchery  
  38  3:36  Roach Warren  
  38  3:37  Drone x2  
  38  3:38  Drone  
  40  3:52  Drone x4  
  40  3:55  Drone x3  
  47  4:11  Overlord x2  
  47  4:16  Drone x3  
  50  4:17  Hatchery  
  50  4:20  Extractor  
  50  4:21  Extractor  
  47  4:27  Lair  
  47  4:36  Drone x8  
  47  4:37  Drone  
  56  4:48  Drone x4  
  60  5:00  Drone x2  
  60  5:01  Drone x5  
  60  5:04  Roach, Extractor  
  60  5:05  Roach  
  70  5:14  Drone  
  70  5:15  Queen  
  73  5:26  Glial Reconstitution  
  73  5:30  Overseer  
  73  5:33  Roach  
  73  5:34  Roach x2  
  79  5:38  Overseer  
  79  5:40  Spore Crawler  
  79  5:42  Spore Crawler  
  77  5:43  Spore Crawler  
  77  5:45  Spore Crawler  
  73  5:52  Spore Crawler  
  73  5:56  Spore Crawler  
  69  6:00  Queen  
  69  6:01  Queen  
  69  6:02  Queen  
  71  6:19  Roach x2  
  71  6:20  Roach x2  
  71  6:21  Overlord x4  
  81  6:40  Roach x16  
  111  6:54  Overlord x5  
  111  7:08  Overseer  
  111  7:12  Roach x7  
  125  7:19  Evolution Chamber  
  125  7:21  Evolution Chamber  
  123  7:35  Roach  
  123  7:36  Roach x12  
  123  7:37  Roach  
  151  7:50  Overlord x3  
  151  7:51  Overlord x2  
  151  7:55  Zerg Ground Armor Level 1, Zerg Missile Weapons Level 1  
  151  8:00  Ravager  
  151  8:03  Overlord x3  
  152  8:13  Ravager  
  152  8:14  Ravager x5  
  152  8:19  Zergling x18  
  167  8:27  Infestation Pit  
  167  8:28  Extractor  
  165  8:34  Zergling x14  
  165  8:35  Zergling x2  
  146  9:04  Roach x13  
  143  9:17  Drone x6  
  143  9:18  Drone x2  
  143  9:21  Hydralisk Den  
  145  9:37  Zergling x2  
  145  9:38  Zergling x24  
  123  9:53  Zergling x10  
  123  9:54  Zergling x12  
  118  10:11  Drone x6  
  118  10:13  Extractor  
  119  10:24  Hatchery  
  103  10:34  Hydralisk x10  
  96  10:44  Zerg Ground Armor Level 2  
  96  10:45  Zerg Missile Weapons Level 2  
  90  10:51  Hive  
  90  10:54  Baneling Nest, Muscular Augments  
  89  11:08  Overseer x2  
  89  11:09  Overseer  
  89  11:13  Hatchery  
  88  11:27  Hydralisk x4  
  96  11:39  Drone x7  
  104  11:40  Drone x9  
  104  11:41  Drone x5  
  117  11:52  Zergling x2  
  117  11:53  Zergling x14  
  125  11:58  Zergling x8, Grooved Spines  
  129  12:06  Zergling x2  
  129  12:07  Zergling x12  
  128  12:15  Baneling x14  
  100  12:30  Baneling x14  
  100  12:32  Zergling x10  
  100  12:33  Zergling x4  
  99  12:43  Zergling x12  
  96  12:46  Centrifugal Hooks  
  96  12:57  Drone  
  96  12:58  Drone x6  
  104  13:05  Drone x3  
  104  13:06  Drone  
  107  13:22  Drone x4  
  111  13:40  Hydralisk  
  111  13:41  Hydralisk x4  
  116  14:00  Zergling x26  
  116  14:01  Zergling x6  
  127  14:26  Zergling x20  
  127  14:29  Baneling x16  
  137  14:33  Spore Crawler  
  136  14:38  Hatchery  
Tags
 
Add a new tag
Caveats
  • Supply blocks, unpowered buildings, or Contaminate may cause inaccurate times.
  • Supply counts are checked every 10 seconds.